 Dungeon Crawl Stone Soup version 0.29.1-2-gbd0b4ee654 (webtiles) character file.

Game seed: 16828208913703674482

2109 Icepheonix32 the Insei (level 9, 0/57 HPs)
             Began as an Octopode Transmuter on Nov 18, 2022.
             Slain by a gnoll sergeant
             ... wielding a +0 trident of protection
              (7 damage)
             ... on level 6 of the Dungeon.
             The game lasted 00:16:52 (7316 turns).

Icepheonix32 the Insei (Octopode Transmuter)        Turns: 7316, Time: 00:16:53

Health: 0/57       AC:  2    Str: 11    XL:     9   Next: 28%
Magic:  21/23      EV: 28    Int: 15    God:
Gold:   263        SH:  0    Dex: 20    Spells: 4/14 levels left

rFire   + . .      SeeInvis .     - Unarmed
rCold   . . .      Faith    .   (shield currently unavailable)
rNeg    . . .      Spirit   .   (helmet currently unavailable)
rPois   x          Reflect  .   c - amulet of the acrobat
rElec   .          Harm     .   l - +4 ring of evasion
rCorr   .          Rampage  .   p - ring of magical power
Will    .....                   t - ring of protection from fire
Stlth   +++.......              (no ring)
HPRegen 0.19/turn               (no ring)
MPRegen 0.18/turn               (no ring)
                                (no ring)
                                (no ring)

@: about to teleport, spider-form
A: venomous fangs, almost no armour, (amphibious), 8 rings, tiny, (camouflage
1), (gelatinous body 1), (nimble swimmer 1), (tentacles), evolution 2
a: End Transformation


You were on level 6 of the Dungeon.
You were a venomous arachnid creature.
You visited 1 branch of the dungeon, and saw 6 of its levels.
You also visited: Sewer.

You collected 318 gold pieces.
You spent 55 gold pieces at shops.

Inventory:

Hand Weapons
 b - the +7 sling "Nedeqeri" (melded) {flame, rPois rN+}
   (You found it on level 4 of the Dungeon)

   Any ammunition fired from it burns those it strikes, dealing additional fire
   damage.
   rPois:     It protects you from poison.
   rN:        It protects you from negative energy.
Missiles
 k - 11 curare-tipped darts
Magical Staves
 j - a staff of air
Jewellery
 c - an amulet of the acrobat (around neck)
 l - a +4 ring of evasion (left front leg)
 p - a ring of magical power (right front leg)
 t - a ring of protection from fire (on tentacle)
Wands
 r - a wand of digging (7)
Scrolls
 d - 2 scrolls of immolation
 m - 2 scrolls of teleportation
 o - a scroll of butterflies
Potions
 a - a potion of attraction
 e - a potion of cancellation
 f - a potion of mutation
 g - a potion of invisibility
 h - a potion of curing
 i - a potion of haste {unknown}
 n - 3 potions of flight {unknown}
 q - a potion of heal wounds
 s - 2 potions of resistance {unknown}


   Skills:
 + Level 3.2 Fighting
 - Level 3.0 Ranged Weapons
 * Level 5.8 Dodging
 + Level 2.9 Stealth
 + Level 5.8 Unarmed Combat
 + Level 3.4 Spellcasting
 * Level 5.3 Transmutations
 * Level 3.8 Ice Magic
 + Level 3.1 Poison Magic


You had 4 spell levels left.
You knew the following spells:

 Your Spells              Type           Power      Damage    Failure   Level
a - Beastly Appendage     Tmut           36%        N/A       9%          1
b - Spider Form           Tmut/Pois      15%        N/A       24%         3
c - Wereblood             Tmut           18%        N/A       11%         2
d - Ice Form              Ice/Tmut       16%        N/A       50%         4

Your spell library contained the following spells:

 Spells                   Type           Power      Damage    Failure   Level
 Passwall                 Tmut/Erth      8%         N/A       24%         2
 Ensorcelled Hibernation  Hex/Ice        16%        N/A       30%         2
 Sandblast                Erth           4%         2d4       38%         1
 Call Canine Familiar     Summ           2%         N/A       71%         3
 Portal Projectile        Hex/Tloc       4%         N/A       71%         3
 Stone Arrow              Conj/Erth      4%         3d7       71%         3
 Anguish                  Hex/Necr       1%         N/A       96%         4
 Leda's Liquefaction      Hex/Erth       1%         N/A       96%         4


Dungeon Overview and Level Annotations

Branches:
Dungeon (6/15)              Sewer (visited)
 Temple: D:4-7

Altars:
Ru
Vehumet

Shops:
D:3 *


Innate Abilities, Weirdness & Mutations

You are a venomous arachnid creature.
You have poisonous fangs.
You are tiny and dextrous.
Your spellcasting is less reliable in this form.
Your armour is entirely melded.
You are incapable of wielding weapons or throwing items.
You cannot wear most types of armour.
((You are amphibious.))
You can wear up to eight rings at the same time.
((Your skin changes colour to match your surroundings (Stealth+).))
((Your rubbery body absorbs attacks. (AC +1, EV +1)))
((You are camouflaged when in or above water. (Stealth+)))
((You have tentacles for arms and can constrict up to eight enemies at once.))
You have great hidden genetic potential.


Message History

The gnoll sergeant is moderately wounded.
Your primal bloodlust has ended.
Fire: b) +7 sling "Nedeqeri" {flame, rPois rN+}
Press: ? - help, Q - select action, (/) - cycle Shift-Dir - straight line, f/p - gnoll sergeant
Aim: a gnoll sergeant, wielding a +0 trident of protection and wearing a +0 ring mail (moderately wounded, 72% to hit)
You shoot a sling bullet.
The sling bullet hits the gnoll sergeant but does no damage.
The gnoll sergeant is moderately wounded.
Unknown command.
Casting: Spider Form (dangerous; 10% risk of failure)
Confirm with . or Enter, or press ? or * to list all spells.
You turn into a venomous arachnid creature.
The +7 sling "Nedeqeri" {flame, rPois rN+} melds into your body.
The +7 sling "Nedeqeri" {flame, rPois rN+} stops flaming.
A gnoll comes into view. It is wielding a +0 club.
The gnoll sergeant completely misses you.
The gnoll shouts!
You hit the gnoll sergeant.
The gnoll sergeant is poisoned.
The gnoll sergeant is heavily wounded.
You hear a shout!
The gnoll sergeant hits you with a +0 trident of protection!
You hit the gnoll sergeant but do no damage.
The gnoll sergeant looks as sick as possible!
The gnoll sergeant is heavily wounded.
The gnoll sergeant misses you.
You hit the gnoll sergeant but do no damage.
The gnoll sergeant looks as sick as possible!
The gnoll sergeant is heavily wounded.
The gnoll sergeant hits you with a +0 trident of protection!
* * * LOW HITPOINT WARNING * * *
You barely miss the gnoll.
A gnoll comes into view. It is wielding a +0 spear.
The gnoll sergeant misses you. The gnoll barely misses you.
You hit the gnoll.
The gnoll is poisoned.
The gnoll is heavily wounded.
The gnoll sergeant misses you. The gnoll completely misses you.
As you read the scroll of teleportation, it crumbles to dust.
You feel strangely unstable.
The gnoll sergeant hits you with a +0 trident of protection!
You die...

... ..# .>.# ...#
#.
.)).####..####..
.....#.#g.....#
..............#.#
......g..........
......g....รท.....
......gs........
................
.....##.)#..##..
.... #.)#..# #..
##.)...#
#....#..).<.##.#
#........[.....#
#........#.......
##......###......


You could see a gnoll sergeant (extremely poisoned) and 3 gnolls.

Vanquished Creatures
  Maggie (D:6)
  A steam dragon (D:5)
  Duvessa (D:6)
  A black bear (D:4)
  An ice beast (D:6)
  3 ogres
  5 kobold brigands
  2 scorpions (D:5)
  Dowan (D:6)
  A gnoll bouda (D:6)
  A jelly (D:4)
  An orc priest (D:5)
  3 iguanas
  4 orc wizards
  10 gnolls
  A river rat (Sewer)
  15 adders
  2 shadow imps (D:6)
  An ufetubus (D:5)
  5 worms
  2 dart slugs
  16 orcs
  10 endoplasms
  6 giant cockroaches
  2 goblins
  11 hobgoblins
  6 jackals
  4 quokkas
  6 ball pythons
  5 bats
  5 frilled lizards (D:1)
  17 kobolds
  5 rats
155 creatures vanquished.

Vanquished Creatures (others)
  A plant (D:1)
1 creature vanquished.

Grand Total: 156 creatures vanquished

Notes
Turn   | Place    | Note
-------+----------+-------------------------------------------
     0 | D:1      | Icepheonix32 the Octopode Transmuter began the quest for
                  | the Orb.
     0 | D:1      | Reached XP level 1. HP: 13/13 MP: 3/3
   223 | D:1      | Reached XP level 2. HP: 18/18 MP: 3/5
   706 | D:1      | Reached XP level 3. HP: 23/23 MP: 4/6
   785 | D:1      | Found a faded altar of an unknown god.
  1007 | D:1      | Learned a level 3 spell: Spider Form
  1010 | D:1      | Learned a level 2 spell: Wereblood
  1038 | D:2      | Reached XP level 4. HP: 4/28 MP: 7/7
  1430 | D:2      | Reached skill level 1 in Stealth
  2157 | D:3      | Found a sacrificial altar of Ru.
  2202 | D:3      | Reached XP level 5. HP: 33/33 MP: 1/8
  2290 | D:3      | Found a radiant altar of Vehumet.
  2489 | D:2      | Reached skill level 1 in Poison Magic
  2772 | D:3      | Found Zotik's General Store.
  2785 | D:3      | Bought a scroll of identify for 22 gold pieces
  2786 | D:3      | Bought a potion of attraction for 33 gold pieces
  3347 | D:4      | Reached XP level 6. HP: 12/35 MP: 1/9
  3353 | D:4      | Identified the +7 sling "Nedeqeri" {flame, rPois rN+}
  3412 | D:4      | Found a glowing drain.
  3423 | Sewer    | Entered a sewer
  3744 | Sewer    | Learned a level 4 spell: Ice Form
  3857 | Sewer    | Reached skill level 1 in Ranged Weapons
  3857 | Sewer    | Reached XP level 7. HP: 30/43 MP: 10/10
  4077 | Sewer    | Reached skill level 1 in Ice Magic
  5407 | D:4      | Reached XP level 8. HP: 14/50 MP: 8/12
  5656 | D:5      | Entered Level 5 of the Dungeon
  6024 | D:5      | Reached skill level 5 in Unarmed Combat
  6174 | D:5      | Reached skill level 5 in Dodging
  6734 | D:6      | Noticed Duvessa
  6734 | D:6      | Noticed Dowan
  6745 | D:6      | Gained mutation: Your body sometimes deteriorates upon
                  | taking damage. [potion of mutation]
  6745 | D:6      | Gained mutation: You do not regenerate when monsters are
                  | visible. [potion of mutation]
  6745 | D:6      | Lost mutation: You do not regenerate when monsters are
                  | visible. [potion of mutation]
  6745 | D:6      | Gained mutation: You have very sharp teeth. [potion of
                  | mutation]
  6746 | D:6      | Killed Dowan
  6748 | D:6      | Killed Duvessa
  6759 | D:6      | Reached skill level 5 in Transmutations
  6759 | D:6      | Lost mutation: You have very sharp teeth. [potion of
                  | mutation]
  6759 | D:6      | Lost mutation: Your body sometimes deteriorates upon taking
                  | damage. [potion of mutation]
  6759 | D:6      | Gained mutation: You have hidden genetic potential. [potion
                  | of mutation]
  6759 | D:6      | Gained mutation: You have great hidden genetic potential.
                  | [potion of mutation]
  6776 | D:6      | Reached XP level 9. HP: 16/55 MP: 13/13
  7024 | D:6      | Noticed Maggie
  7042 | D:6      | Killed Maggie
  7316 | D:6      | Slain by a gnoll sergeant

Illustrated notes

Levels and vault maps discovered:
D:1:      eino_arrival_tree_alley, layout_rooms,
          shapermc_ecumenical_altar_flowoftime, minmay_pentomino_q2
D:2:      layout_rooms
D:3:      layout_basic, mainiacjoe_overflow_24_doors, nicolae_ru_awakened_eye,
          serial_shops, shop_statue, chequers_big_river, kennysheep_donut,
          minmay_misc_feat_plants, minmay_strange_pillars, amethyst_killhole,
          chequers_mini_garden
D:4:      minmay_wonky_spiral, layout_cave_pods, cheibrodos_sewer_entry_sluice
D:5:      layout_loops_ring, chequers_avenue
D:6:      kennysheep_big_flooded_room, layout_cave_pools,
          minmay_temple_entry_mini_moons, uniq_sigmund, uniq_crazy_yiuf_cottage,
          uniq_duvessa, uniq_maggie

Skill      XL: |  1  2  3  4  5  6  7  8  9 |
---------------+----------------------------+-----
Stealth        | 1 2 |  2.9
Transmutations | 3 4 5 |  5.3
Dodging        | 3 4 5 |  5.8
Unarmed Combat | 4 5 |  5.8
Poison Magic   | 1 2 3 |  3.1
Ranged Weapons | 1 3 |  3.0
Ice Magic      | 2 3 |  3.8
Fighting       | 2 3 |  3.2
Spellcasting   | 3 |  3.4

Action                   |  1- 3 |  4- 6 |  7- 9 || total
-------------------------+-------+-------+-------++-------
Melee: Unarmed           |    62 |    74 |   124 ||   260
       Constrict         |    19 |    15 |       ||    34
       Kick              |    15 |    19 |       ||    34
       Tentacles         |     7 |     9 |       ||    16
       Punch             |     1 |     3 |       ||     4
       Sling             |       |    12 |       ||    12
 Fire: Sling             |       |    40 |   133 ||   173
 Cast: Beastly Appendage |    14 |    12 |     2 ||    28
       Spider Form       |       |     2 |    14 ||    16
       Wereblood         |       |     1 |     1 ||     2
       Ice Form          |       |       |     2 ||     2
  Use: Scroll            |     4 |     7 |     6 ||    17
       Potion            |     1 |     1 |     3 ||     5
 Stab: Sleeping          |     2 |     5 |       ||     7
Armor: Skin              |     3 |    11 |     6 ||    20
Dodge: Dodged            |    31 |    80 |   174 ||   285
